AoeStats
← yunusmujde

Nomad

508770534Analyzed
3v3 RM · 8d ago on Sep 24, 2026· 52m 13s· 6 players
Game mode
Random Map
Map size
210×210
Population
200
Speed
Normal
Resources
Standard
Victory
Conquest
Starting age
Dark Age
Ending age
Imperial Age
RankedLock teamsTeams togetherTeam positionsShared explorationLock speedFull tech treeHidden civsTurbo modeCheats
Victory
Defeat
🇬🇧 Japanese · United Kingdom
822
+13
🇹🇷 Huns · Türkiye
809
+13
🇿🇦 Britons · South Africa
789
+20
🇺🇸 Varangians · United States
772
-14
🇹🇷 Turks · Türkiye
746
-13
🇲🇽 Franks · Mexico
721
-12
AloneArcher
17:41 Feudal Age
18:50 Double-Bit Axe
19:17 Horse Collar
22:16 Castle Age
21:51 Gold Mining
21:52 Stone Mining
23:28 Bow Saw
24:26 Heavy Plow
39:11 Imperial Age
39:01 Wheelbarrow
38:13 Town Watch
38:02 Demolition Ship
40:44 Heavy Demolition Ship
48:37 Elite Janissary
49:54 Hand Cart
49:39 Town Patrol
49:25 Loom
49:55 Heavy Camel Rider
alangb_par
12:04 Loom
17:30 Feudal Age
18:38 Double-Bit Axe
19:30 Fishing Lines
28:48 Castle Age
28:15 Scale Mail Armor
28:26 Forging
28:19 Scale Mail Armor
28:31 Gold Mining
28:34 Stone Mining
30:53 Scale Barding Armor
30:13 Pikeman
30:39 Gambesons
32:23 Pikeman
33:06 Squires
42:08 Imperial Age
41:22 Padded Archer Armor
41:12 Fletching
41:24 Padded Archer Armor
41:15 Fletching
42:06 Gold Shaft Mining
44:57 Chemistry
44:19 Ballistics
44:23 Halberdier
Strive4Richs601
14:46 Loom
20:34 Feudal Age
27:15 Castle Age
34:24 Gold Mining
34:24 Double-Bit Axe
34:40 Horse Collar
35:40 Wheelbarrow
34:59 Stone Mining
35:08 Fletching
40:57 Bodkin Arrow
41:55 Gambesons
42:13 Squires
43:23 Forging
45:24 Bloodlines
46:16 Bow Saw
46:52 Husbandry
51:34 Imperial Age
50:31 Scale Barding Armor
yunusmujde
14:28 Feudal Age
15:47 Wheelbarrow
14:57 Double-Bit Axe
14:57 Horse Collar
20:32 Castle Age
19:35 Stone Mining
19:35 Gold Mining
21:29 Hand Cart
21:25 Bow Saw
23:53 Gold Shaft Mining
36:02 Imperial Age
34:33 Forging
34:23 Scale Mail Armor
34:26 Squires
34:11 Arson
34:33 Pikeman
35:49 Iron Casting
38:10 Blast Furnace
37:25 Chain Mail Armor
36:33 Halberdier
37:15 Heavy Plow
38:20 Two-Man Saw
37:43 Loom
41:55 Ballistics
42:36 Chemistry
41:29 Fletching
41:40 Padded Archer Armor
42:15 Bodkin Arrow
42:22 Heavy Cavalry Archer
43:10 Thumb Ring
43:32 Parthian Tactics
43:55 Conscription
45:49 Bracer
46:04 Leather Archer Armor
Magical Taylor
4:12 Loom
15:24 Feudal Age
17:07 Wheelbarrow
17:26 Horse Collar
17:39 Double-Bit Axe
19:31 Gold Mining
21:47 Town Watch
22:45 Stone Mining
26:43 Castle Age
24:38 Fletching
24:33 Fishing Lines
27:48 Bodkin Arrow
28:36 Gold Shaft Mining
28:13 Bow Saw
28:06 Heavy Plow
28:20 Gillnets
30:11 Medium Warships
32:58 Town Patrol
33:14 Hand Cart
37:57 Imperial Age
35:34 Padded Archer Armor
37:15 Leather Archer Armor
38:14 Ballistics
38:07 Clinker Construction
38:08 Careening
39:55 Conscription
40:27 Heavy Warships
40:59 Caravan
41:03 Bracer
41:34 Ring Archer Armor
42:24 Scale Mail Armor
42:35 Forging
43:06 Heavy Cavalry Archer
45:41 Chemistry
45:04 Dry Dock
44:31 Treadmill Crane
46:58 Kataparuto
46:03 Elite Samurai
47:15 Chain Mail Armor
48:16 Parthian Tactics
47:57 Thumb Ring
49:24 Plate Mail Armor
49:29 Iron Casting
48:29 Elite Cannon Galleon
49:00 Pikeman
49:41 Squires
Ulfsark
6:15 Loom
13:04 Feudal Age
15:51 Wheelbarrow
15:03 Fishing Lines
21:27 Castle Age
19:47 Stone Mining
23:36 Padded Archer Armor
23:27 Fletching
25:14 Double-Bit Axe
26:56 Town Watch
28:37 Bow Saw
31:40 Bodkin Arrow
32:02 Leather Archer Armor
37:29 Yeomen
36:54 Horse Collar
38:01 Caravan
38:54 Gold Mining
40:03 Forging
41:04 Gold Shaft Mining
42:43 Hand Cart
43:38 Coinage
43:03 Guard Tower
47:58 Imperial Age
46:47 Town Patrol
52:30 Banking
52:19 Masonry
Connection lost

Rejoining the realm…

Still unreachable

The connection could not be restored.

Session expired

The server has moved on; the page needs a fresh start.